[Event "*** Titled Tuesday Blitz"]
[Site "Chess.com"]
[Date "2020.03.03"]
[Round "9"]
[White "LogoCzar"]
[Black "Kobalia"]
[Result "1-0"]
[WhiteElo "2523"]
[BlackElo "2611"]
[TimeControl "180+1"]
[EndTime "14:48:38 PST"]
[Termination "LogoCzar won on time"]

1. e4 c5 2. Nf3 e6 3. d4 cxd4 4. Nxd4 Nc6 5. Nc3 a6 6. Be3 Nf6 7. Nxc6 bxc6 8. e5 Nd5 9. Bd2 Qc7 10. f4 Rb8 11. Bd3 Rxb2 12. O-O Qa7+ 13. Kh1 Ne3 14.
Bxe3 Qxe3 15. Ne4 Be7 16. f5 exf5 17. Rxf5 d5 18. Rf3 Qh6 19. Ng3 g6 20. Qe1 Qh4 21. Qc3 Rb6 22. e6 f6 23. Raf1 O-O 24. Qe1 Qd4 25.
Rf4 Qe5 26. Qf2 Rb8 27. Re1 Qd6 28. Nf5 Qc5 29. Qg3 Rb4 30. Rg4 Rxg4 31. Qxg4 Kh8 32. Nh4 f5 33. Qh3 Bxh4 34. Qxh4 Kg7 35. e7 Re8 36. Qg5 Qd6 37. h4 Qf6 38. Qf4 Rxe7 39. Rb1 Qe5 40. Qf2 Qe3 41. Rf1 Qxf2 42. Rxf2 c5 43.
g3 c4 44. Bf1 Bb7 45. Bg2 d4 46.
Rd2 Bxg2+ 47. Kxg2 Rd7 48. Kf3 d3 49. c3 Rb7 50.
Ke3 Kf6 51. Kd4 Rc7 52. Rb2 h6 53. Rb6+ Kg7 54. Ke3 Re7+ 55. Kd2 Re2+ 56. Kd1 Rxa2 57. Rb7+ Kf6 58. Rc7 Ke5 59. Rxc4 Rc2 60. Rc5+ Ke4 61. Rc6 Kf3 62. Rxg6 Rxc3 63. Kd2 Ra3 64. Rxh6 f4 65. gxf4 Kxf4 66. h5 Ke5 67. Rh8 Ke4 68. Re8+ Kd4 69. Rd8+ Kc4 70. Rc8+ Kb5 71. Rd8 Ra2+ 72. Kxd3 Rh2 73.
Rd5+ Kb4 74. Rg5 a5 75. Rg4+ Kb3 76. Rg8 a4 77. Rb8+ Ka2 78. Rb5 a3 79. Kc3 Ka1 80. h6 Rxh6 81. Kb3 Rh3+ 82. Ka4 Rh7 83. Kxa3 1-0

[Event "*** Titled Tuesday Blitz"]
[Site "Chess.com"]
[Date "2020.03.03"]
[Round "9"]
[White "Parhamov"]
[Black "vladislavkovalev"]
[Result "1-0"]
[WhiteElo "3072"]
[BlackElo "2940"]
[TimeControl "180+1"]
[EndTime "14:48:41 PST"]
[Termination "Parhamov won on time"]

1. e4 e5 2. Nf3 Nc6 3. Bb5 a6 4.
Ba4 Nf6 5. O-O Be7 6. Re1 b5 7. Bb3 d6 8. c3 O-O 9. d4 Bg4 10. Be3 exd4 11. cxd4 Na5 12. Bc2 c5 13. d5 Nc4 14.
Bc1 Nd7 15. h3 Bxf3 16. Qxf3 Bf6 17. Nc3 Nde5 18. Qh5 g6 19. Qd1 Nxb2 20. Bxb2 Nc4 21. e5 Nxb2 22. Qc1 Bxe5 23. Rxe5 dxe5 24. Qxb2 f5 25. Rd1 Qd6 26. a3 Rab8 27. g3 c4 28. h4 Rfd8 29. h5 b4 30. axb4 Qxb4 31. Qxb4 Rxb4 32. Ra1 Rd6 33. hxg6 hxg6 34. Ba4 Kg7 35. Kg2 Kf6 36. Bc6 Rb3 37. Na4 e4 38. Nc5 Rb2 39. Nb7 Ke5 40. Nxd6 Kxd6 41. Rxa6 e3 42.
Ba8+ Kc5 43. Rc6+ Kd4 44. d6 Rxf2+ 45. Kg1 Rd2 46. d7 Kc3 47. Kf1 Rxd7 48. Ke2 Rd2+ 49. Kxe3 Rd3+ 50. Kf4 g5+ 51. Kxg5 Rxg3+ 52. Kxf5 Rd3 53.
Rc8 Kb3 54. Ke4 Rd1 55. Bd5 Re1+ 56. Kd4 Rd1+ 57. Kc5 Rc1 58. Kb5 Kc3 59. Bxc4 Kd2 60. Kb4 Rb1+ 61. Bb3 Ke3 62. Kc3 Kf4 63. Bc2 Rb7 64. Rd8 Rc7+ 65. Kd3 Ke5 66. Bb3 Rc6 67. Rd5+ Kf6 68. Ke4 Rb6 69. Bc4 Rb1 70. Kf4 Re1 71. Rd6+ Ke7 72. Ra6 Kd7 73. Bd5 Kc7 74. Be4 Kd7 75.
Ke5 Kc7 76. Rc6+ Kd7 77. Rc3 Re2 78. Rc1 Re3 79. Kd5 Re2 80. Rb1 Rd2+ 81. Ke5 Re2 82.
Rb7+ Kc8 83. Rh7 Re1 84. Kd5 Kb8 85. Re7 Re2 86. Kd6 1-0

[Event "*** Titled Tuesday Blitz"]
[Site "Chess.com"]
[Date "2020.03.03"]
[Round "9"]
[White "GrigorGrigorov"]
[Black "black_pawn_16"]
[Result "1-0"]
[WhiteElo "2763"]
[BlackElo "2252"]
[TimeControl "180+1"]
[EndTime "14:48:43 PST"]
[Termination "GrigorGrigorov won by resignation"]

1. d4 f5 2. g3 Nf6 3. Bg2 e6 4. Nf3 Be7 5. O-O O-O 6. c4 d6 7. Nc3 Ne4 8. Qc2 Nxc3 9. Qxc3 a5 10. b3 Bf6 11. Bb2 Nc6 12. Qd2 e5 13. dxe5 dxe5 14.
Qd5+ Kh8 15. Qxd8 Rxd8 16. Rfd1 Be6 17. e4 fxe4 18. Ne1 Bg4 19. Rxd8+ Rxd8 20. Bxe4 h6 21. f3 Be6 22. Bc3 Ra8 23. Nd3 a4 24. Kf2 Ra7 25.
h4 Nd4 26. Nc5 axb3 27. axb3 Rxa1 28. Bxa1 Bc8 29. Bxd4 exd4 30. Bxb7 Bh3 31. Be4 Be7 32. Nd3 Be6 33. Nf4 Bf7 34. Ke2 Bd6 35. Kd3 c5 36. Bg6 Bxg6+ 37. Nxg6+ Kg8 38. g4 Kf7 39. h5 Kf6 40. Ke4 Kg5 41. Nh8 Kh4 42. Nf7 Bf8 43.
Ne5 Kg3 44. f4 Bd6 45. g5 Kh4 46. gxh6 gxh6 47. Nf7 Bf8 48. Nd8 Kxh5 49. Ne6 Be7 50.
b4 cxb4 51. Nxd4 Kg4 52. Nc6 Bf8 53. Ne5+ Kg3 54. Nd7 Be7 55. f5 h5 56. f6 Bd6 57.
c5 b3 58. Kd3 h4 59. cxd6 h3 60. f7 h2 61. f8=Q h1=Q 62. Qg8+ Kf2 63. Qxb3 Qh7+ 64.
Kd4 Qxd7 65. Qd5 Qa4+ 66. Ke5 Qe8+ 67. Qe6 Qb5+ 68. Kf6 Qb2+ 69. Qe5 Qb7 70. Qf5+ Ke3 71. d7 Qb6+ 72. Qe6+ Qxe6+ 73. Kxe6 Kd4 74. d8=Q+ Kc5 75.
Qd5+ Kb4 76. Qc6 Ka5 77. Qb7 Ka4 78. Qb6 Ka3 79. Qb5 Ka2 80. Qb4 Ka1 81. Kd5 Ka2 82. Kd4 Ka1 83. Kc3 1-0

[Event "*** Titled Tuesday Blitz"]
[Site "Chess.com"]
[Date "2020.03.03"]
[Round "9"]
[White "ZWISCHENZUGGED"]
[Black "dusanacns"]
[Result "0-1"]
[WhiteElo "2552"]
[BlackElo "2667"]
[TimeControl "180+1"]
[EndTime "14:48:52 PST"]
[Termination "dusanacns won by resignation"]

1. d4 Nf6 2. c4 g6 3. g3 Bg7 4. Bg2 O-O 5. Nc3 d6 6. Nf3 Nc6 7. O-O Bg4 8. d5 Na5 9. Nd2 c5 10. Qc2 e5 11. e4 a6 12. b3 Rb8 13. Bb2 b5 14. Rab1 Nh5 15. Nd1 Bd7 16. Ne3 f5 17. f4 exf4 18. gxf4 Bxb2 19. Rxb2 Qh4 20. exf5 Bxf5 21.
Nxf5 Rxf5 22. Qe4 Qf6 23. Qe6+ Kg7 24. Qxf6+ Rxf6 25. Ne4 Rxf4 26. Rxf4 Nxf4 27. Nxd6 bxc4 28. Rf2 Nxg2 29. Kxg2 cxb3 30. axb3 Rxb3 31. Rf7+ Kh6 32.
Ra7 Rd3 33. Rxa6 Rxd5 34. Rxa5 Rd2+ 35. Kg1 Rxd6 36. Rxc5 Rd2 37. Rb5 g5 38. Ra5 Kh5 39.
Ra7 h6 40. Ra6 g4 41. Rb6 Kg5 42. Rc6 h5 43. Rc5+ Kh4 44. Rc3 Re2 45. Rb3 Re4 46. Kg2 Rc4 47. Rb2 Rc3 48. Ra2 Rb3 49. Rc2 Rb5 50. Rd2 Kg5 51. Rc2 Rd5 52. Ra2 Re5 53. Rb2 Rf5 54. Ra2 h4 55. h3 g3 56. Rb2 Rd5 57. Rc2 Rd4 58. Rb2 Kf4 59. Ra2 Ke3 60. Ra3+ Rd3 61. Ra8 Rd2+ 62. Kg1 Rh2 63. Rd8 Rxh3 64.
Re8+ Kf4 65. Rf8+ Kg5 66. Rg8+ Kf6 67. Rh8 Rh2 68. Rh6+ Kg5 69. Rh8 Kg4 70. Rg8+ Kh3 71. Ra8 Rb2 72. Ra1 Rh2 73. Rb1 Rd2 74. Rc1 Kg4 75.
Rc4+ Kg5 76. Rc5+ Kf6 77. Rc6+ Kf5 78. Rc5+ Kg4 79. Rc4+ Kh3 80. Rc1 Rf2 81. Rb1 Kg4 82. Rb4+ Rf4 83. Rb8 h3 84. Rg8+ Kf3 85. Ra8 Re4 86. Rf8+ Kg4 87. Rg8+ Kf4 88. Rf8+ Ke5 89. Re8+ Kd5 90. Rd8+ Kc4 91. Rc8+ Kd3 92. Rd8+ Kc3 93. Rc8+ Kb4 94. Rb8+ Kc5 95. Rc8+ Kd6 96. Rd8+ Ke7 97. Rd1 Re2 98. Ra1 Rc2 99. Ra7+ Ke6 100. Ra6+ Kd5 101. Ra5+ Kd4 102. Ra4+ Kd3 103. Ra3+ Rc3 104. Ra1 Kd2 105. Ra2+ Rc2 106.
Rxc2+ Kxc2 107. Kf1 Kd2 108. Kg1 Ke2 109. Kh1 g2+ 110. Kg1 Ke1 111. Kh2 Kf1 0-1

[Event "*** Titled Tuesday Blitz"]
[Site "Chess.com"]
[Date "2020.03.03"]
[Round "9"]
[White "TST2014"]
[Black "Rubinstein_Akiba"]
[Result "1-0"]
[WhiteElo "2587"]
[BlackElo "2410"]
[TimeControl "180+1"]
[EndTime "14:49:42 PST"]
[Termination "TST2014 won by checkmate"]

1. d4 Nf6 2. c4 e6 3. Nf3 d5 4.
Nc3 Bb4 5. cxd5 exd5 6. Bg5 h6 7. Bxf6 Qxf6 8. Qa4+ Nc6 9. e3 O-O 10. Be2 Bxc3+ 11. bxc3 Ne7 12. O-O c6 13. c4 Bg4 14.
h3 Bh5 15. Rab1 b6 16. Rfe1 Bg6 17. Rbc1 dxc4 18. Qxc4 Be4 19. Ne5 Qg5 20. Bf3 Bd5 21. Bxd5 cxd5 22. Qc7 Ng6 23. Nf3 Qf5 24. Rc6 Rfc8 25.
Qb7 Rcb8 26. Qa6 Qd7 27. Rec1 Rb7 28. a4 f6 29. Qb5 Ne7 30. R6c3 Kf7 31. Qxd7 Rxd7 32.
Rc7 Ke6 33. g4 Kd6 34. R7c3 Rdd8 35. Nh4 g5 36. Nf5+ Nxf5 37. gxf5 Rd7 38. Rc6+ Ke7 39. Re6+ Kf7 40. Rcc6 Kg8 41. Rxf6 Rf7 42. Rxf7 Kxf7 43. Rxh6 Rc8 44. a5 b5 45. Rh7+ Kf6 46. Rxa7 Rb8 47. Ra6+ Kxf5 48. Rb6 Rh8 49. Kg2 Ke4 50. Rxb5 Ra8 51. Kg3 Rf8 52. Rb6 Rf3+ 53.
Kg2 Rf8 54. Re6+ Kd3 55. Re5 Ke2 56. a6 Rxf2+ 57. Kg3 Rf6 58. a7 Ra6 59. Kg4 Rxa7 60. Kxg5 Rh7 61. h4 Kf3 62. h5 Rg7+ 63. Kf6 Rh7 64. Kg6 Rb7 65. h6 Rb6+ 66. Kg5 Rb7 67. Kf6 Rb6+ 68. Re6 Rb7 69. Re7 Rb6+ 70. Kg7 Rxh6 71.
Kxh6 Ke2 72. Kg5 Kd3 73. Kf4 Kc4 74. Ke5 Kd3 75. Kxd5 Ke2 76. e4 Kf3 77. e5 Ke2 78. Ke6 Kd3 79. d5 Kd4 80. Kd7 Kc4 81. d6 Kd3 82. e6 Ke2 83. Re8 Kf2 84. Ra8 Kf3 85.
Ke8 Ke3 86. e7 Kd3 87. d7 Kd2 88. Kf7 Kd3 89. Ke6 Kc3 90. Kf5 Kc2 91. Ke4 Kd1 92.
Kd3 Ke1 93. d8=R Kf1 94. e8=R Kg1 95. Re7 Kh1 96. Rd6 Kg1 97. Rc8 Kf1 98. Rc5 Kg1 99.
Kc3 Kh1 100. Kb4 Kh2 101. Rf6 Kh3 102. Rg5 Kh4 103. Rg1 Kh5 104. Rf2 Kh4 105. Re3 Kh5 106. Rgg2 Kh6 107. Rf1 Kh5 108. Kc4 Kh6 109. Kd5 Kh5 110. Ke4 Kh6 111. Kf5 Kh5 112. Rh3# 1-0